| TOP OF THE 1ST |
|
Atlanta (MID) Braves batting - Pitching for Great Lakes Loons : RHP Steve Pierson
|
|
Pitching: RHP Steve Pierson
|
|
|
Batting: LHB Eric Jackson
|
0-0: Ball 1-0: Called Strike 1-1: Ball 2-1: Ball 3-1: Ground out 5-3 (Groundball, 5, EV 85.0 MPH)
|
|
Batting: RHB Chris Trites
|
0-0: Called Strike 0-1: Ball 1-1: Foul Ball, location: 2F 1-2: Ball 2-2: Foul Ball, location: 2F 2-2: Foul Ball, location: 2F 2-2: Ball 3-2: Ground out 6-3 (Groundball, 6, EV 105.6 MPH)
|
|
Batting: SHB Brett McEwen
|
0-0: Foul Ball, location: 2F 0-1: Ball 1-1: Foul Ball, location: 2F 1-2: Foul Ball, location: 2F 1-2: Ball 2-2: Foul Ball, location: 2F 2-2: Foul Ball, location: 2F 2-2: Ball 3-2: Base on Balls
|
|
Batting: LHB Tamaichi Sasada
|
Balk! Brett McEwen to second 0-0: Swinging Strike 0-1: Ball 1-1: Foul Ball, location: 2F 1-2: Ground out 5-3 (Groundball, 56, EV 95.6 MPH)
|
| Top of the 1st over - 0 runs, 0 hits, 0 errors, 1 left on base; Atlanta (MID) 0 - Great Lakes 0 |
| BOTTOM OF THE 1ST |
|
Great Lakes Loons batting - Pitching for Atlanta (MID) Braves : RHP Jimmy Loudner
|
|
Pitching: RHP Jimmy Loudner
|
|
|
Batting: RHB Pablo Lopez
|
0-0: Ball 1-0: Foul Ball, location: 2F 1-1: Swinging Strike 1-2: Strikes out swinging
|
|
Batting: SHB Josh Vaill
|
0-0: SINGLE (Line Drive, 78S, EV 91.2 MPH)
|
|
Batting: RHB Jonathan Kirsch
|
0-0: Swinging Strike 0-1: Ball 1-1: Ball 2-1: Called Strike 2-2: 2-RUN HOME RUN (Flyball, 7D, EV 99.4 MPH), Distance : 396 ft
|
|
Batting: RHB Eddie Perry
|
0-0: Ball 1-0: DOUBLE (Line Drive, 89D, EV 108.1 MPH)
|
|
Batting: LHB Josh Moore
|
0-0: Swinging Strike 0-1: SINGLE (Groundball, 34D, EV 103.1 MPH) Eddie Perry to third
|
|
Batting: RHB Alex Melgoza
|
0-0: Called Strike Josh Moore steals 2nd base 0-1: Foul Ball, location: 2F 0-2: Ball 1-2: Foul Ball, location: 2F 1-2: Foul Ball, location: 2F 1-2: Ball 2-2: Ball 3-2: Foul Ball, location: 2F 3-2: Foul Ball, location: 2F 3-2: Ground out 6-3 (Groundball, 6, EV 87.5 MPH) Eddie Perry scores
|
|
Batting: SHB Danny Jensen
|
0-0: Ball 1-0: Called Strike 1-1: Swinging Strike 1-2: Foul Ball, location: 2F 1-2: Ball 2-2: Foul Ball, location: 2F 2-2: Ground out 4-3 (Groundball, 4, EV 81.9 MPH)
|
| Bottom of the 1st over - 3 runs, 4 hits, 0 errors, 1 left on base; Atlanta (MID) 0 - Great Lakes 3 |
| TOP OF THE 2ND |
|
Atlanta (MID) Braves batting - Pitching for Great Lakes Loons : RHP Steve Pierson
|
|
Batting: LHB Ricardo Sandoval
|
0-0: Ball 1-0: Called Strike 1-1: Ball 2-1: Ball 3-1: Foul Ball, location: 2F 3-2: Strikes out looking
|
|
Batting: RHB Costantino Dolfini
|
0-0: Ball 1-0: SINGLE (Groundball, 56D, EV 98.1 MPH)
|
|
Batting: LHB Andres Aldape
|
0-0: Called Strike 0-1: SINGLE (Groundball, 34D, EV 103.8 MPH) Costantino Dolfini to second Runner from 2nd tries for 3rd, SAFE, throw by RF made to third
|
|
Batting: RHB Alex Campos
|
0-0: Ball 1-0: Ball 2-0: Fly out, F9 (Flyball, 89S, EV 88.1 MPH)
|
|
Batting: RHB Gabe Allen
|
0-0: Fielders Choice at 2nd, 4-6 (Groundball, 6M, EV 106.9 MPH)
|
| Top of the 2nd over - 0 runs, 2 hits, 0 errors, 2 left on base; Atlanta (MID) 0 - Great Lakes 3 |
| BOTTOM OF THE 2ND |
|
Great Lakes Loons batting - Pitching for Atlanta (MID) Braves : RHP Jimmy Loudner
|
|
Batting: LHB Ramon Vega
|
0-0: Ball 1-0: Swinging Strike 1-1: Swinging Strike 1-2: Foul Ball, location: 2F 1-2: Ball 2-2: SINGLE (Groundball, 34D, EV 107.5 MPH)
|
|
Batting: RHB Ingidayehu Lagat
|
0-0: Called Strike Ramon Vega steals 2nd base 0-1: Foul Ball, location: 2F 0-2: Ball 1-2: Strikes out swinging
|
|
Batting: RHB Pablo Lopez
|
0-0: Called Strike 0-1: Ball 1-1: Called Strike Ramon Vega is caught stealing 3rd base 2-5 1-2: Foul Ball, location: 2F 1-2: Ball 2-2: Ball 3-2: Foul Ball, location: 2F 3-2: Foul Ball, location: 2F 3-2: Ground out 5-3 (Groundball, 5L, EV 93.1 MPH)
|
| Bottom of the 2nd over - 0 runs, 1 hit, 0 errors, 0 left on base; Atlanta (MID) 0 - Great Lakes 3 |
| TOP OF THE 3RD |
|
Atlanta (MID) Braves batting - Pitching for Great Lakes Loons : RHP Steve Pierson
|
|
Batting: LHB Eric Jackson
|
0-0: Ball 1-0: DOUBLE (Groundball, 5L, EV 104.4 MPH)
|
|
Batting: RHB Chris Trites
|
0-0: Swinging Strike 0-1: Ball 1-1: Foul Ball, location: 2F 1-2: Foul Ball, location: 2F 1-2: Ball 2-2: Foul Ball, location: 2F 2-2: Ball 3-2: Foul Ball, location: 2F 3-2: Base on Balls
|
|
Batting: SHB Brett McEwen
|
0-0: Ball 1-0: Ball 2-0: Ball 3-0: Base on Balls Eric Jackson to third Chris Trites to second
|
|
Batting: LHB Tamaichi Sasada
|
0-0: Called Strike 0-1: DOUBLE (Line Drive, 9LD, EV 107.5 MPH) Eric Jackson scores Chris Trites scores Brett McEwen to third
|
|
Batting: LHB Ricardo Sandoval
|
0-0: Called Strike 0-1: Ball 1-1: Foul Ball, location: 2F 1-2: Foul Ball, location: 2F 1-2: Ball 2-2: Ball 3-2: Foul Ball, location: 2F 3-2: Foul Ball, location: 2F 3-2: Base on Balls
|
|
Batting: RHB Costantino Dolfini
|
0-0: Called Strike 0-1: Ball 1-1: Foul Ball, location: 2F 1-2: Ball 2-2: Fly out, F8 (Flyball, 89XD, EV 94.4 MPH) Runner from 3rd tags up, SCORES, no throw by CF
|
|
Batting: LHB Andres Aldape
|
0-0: Fly out, F8 (Flyball, 8LD, EV 106.2 MPH)
|
|
Batting: RHB Alex Campos
|
0-0: Ball 1-0: Foul Ball, location: 2F 1-1: Ground out 4-3 (Groundball, 4, EV 83.8 MPH)
|
| Top of the 3rd over - 3 runs, 2 hits, 0 errors, 2 left on base; Atlanta (MID) 3 - Great Lakes 3 |
| BOTTOM OF THE 3RD |
|
Great Lakes Loons batting - Pitching for Atlanta (MID) Braves : RHP Jimmy Loudner
|
|
Batting: SHB Josh Vaill
|
0-0: Ball 1-0: Ball 2-0: Called Strike 2-1: Foul Ball, location: 2F 2-2: Ball 3-2: SOLO HOME RUN (Flyball, 9D, EV 100.0 MPH), Distance : 400 ft
|
|
Batting: RHB Jonathan Kirsch
|
0-0: DOUBLE (Line Drive, 8RXD, EV 105.6 MPH)
|
|
Batting: RHB Eddie Perry
|
0-0: Ground out 5-3 (Groundball, 56S, EV 93.1 MPH)
|
|
Batting: LHB Josh Moore
|
0-0: Ball 1-0: Swinging Strike 1-1: Swinging Strike 1-2: Ball 2-2: Strikes out swinging
|
|
Batting: RHB Alex Melgoza
|
0-0: Ball 1-0: Ground out 1-3 (Groundball, 15S, EV 66.2 MPH)
|
| Bottom of the 3rd over - 1 run, 2 hits, 0 errors, 1 left on base; Atlanta (MID) 3 - Great Lakes 4 |
| TOP OF THE 4TH |
|
Atlanta (MID) Braves batting - Pitching for Great Lakes Loons : RHP Steve Pierson
|
|
Batting: RHB Gabe Allen
|
0-0: Ball 1-0: Foul Ball, location: 2F 1-1: Ball 2-1: Ball 3-1: Foul Ball, location: 2F 3-2: Fly out, F8 (Flyball, 8RD, EV 93.1 MPH)
|
|
Batting: LHB Eric Jackson
|
0-0: Ground out 5-3 (Groundball, 56, EV 85.6 MPH)
|
|
Batting: RHB Chris Trites
|
0-0: Ground out U3 (Groundball, 34S, EV 93.8 MPH)
|
| Top of the 4th over - 0 runs, 0 hits, 0 errors, 0 left on base; Atlanta (MID) 3 - Great Lakes 4 |
| BOTTOM OF THE 4TH |
|
Great Lakes Loons batting - Pitching for Atlanta (MID) Braves : RHP Jimmy Loudner
|
|
Batting: SHB Danny Jensen
|
0-0: Ball 1-0: Ball 2-0: Ball 3-0: Swinging Strike 3-1: Base on Balls
|
|
Batting: LHB Ramon Vega
|
0-0: Called Strike 0-1: SINGLE (Groundball, 56, EV 95.6 MPH) Danny Jensen to second
|
|
Batting: RHB Ingidayehu Lagat
|
0-0: Called Strike 0-1: Ball 1-1: Called Strike 1-2: Ball 2-2: Ball 3-2: Fly out, F8 (Flyball, 8LD, EV 93.1 MPH)
|
|
Batting: RHB Pablo Lopez
|
0-0: Ball 1-0: Called Strike 1-1: Ground out 5-3 (Groundball, 5S, EV 82.5 MPH) Danny Jensen to third Ramon Vega to second
|
|
Batting: SHB Josh Vaill
|
0-0: Ball 1-0: Ground out 1-3 (Groundball, 34S, EV 75.0 MPH)
|
| Bottom of the 4th over - 0 runs, 1 hit, 0 errors, 2 left on base; Atlanta (MID) 3 - Great Lakes 4 |
| TOP OF THE 5TH |
|
Atlanta (MID) Braves batting - Pitching for Great Lakes Loons : RHP Steve Pierson
|
|
Batting: SHB Brett McEwen
|
0-0: Ground out 4-3 (Groundball, 34, EV 82.5 MPH)
|
|
Batting: LHB Tamaichi Sasada
|
0-0: Ball 1-0: SINGLE (Groundball, 56D, EV 94.4 MPH)
|
|
Batting: LHB Ricardo Sandoval
|
0-0: Ball 1-0: Ball Tamaichi Sasada is caught stealing 2nd base 2-6 2-0: Ball 3-0: Base on Balls
|
|
Batting: RHB Costantino Dolfini
|
0-0: Ball Ricardo Sandoval steals 2nd base 1-0: Ball 2-0: SINGLE (Groundball, 56D, EV 106.2 MPH) Ricardo Sandoval to third Runner from 3rd tries for Home, throw by LF and OUT! 7-2
|
| Top of the 5th over - 0 runs, 2 hits, 0 errors, 1 left on base; Atlanta (MID) 3 - Great Lakes 4 |
| BOTTOM OF THE 5TH |
|
Great Lakes Loons batting - Pitching for Atlanta (MID) Braves : RHP Jimmy Loudner
|
|
Batting: RHB Jonathan Kirsch
|
0-0: Called Strike 0-1: SOLO HOME RUN (Flyball, 9D, EV 99.4 MPH), Distance : 381 ft
|
|
Pitching: RHP Andrew Hodges
|
|
|
Batting: RHB Eddie Perry
|
0-0: Ball 1-0: Swinging Strike 1-1: Foul Ball, location: 2F 1-2: Foul Ball, location: 2F 1-2: Strikes out swinging
|
|
Batting: LHB Josh Moore
|
0-0: Fly out, F5 (Popup, 5S, EV 86.2 MPH)
|
|
Batting: RHB Alex Melgoza
|
0-0: Ball 1-0: Ball 2-0: Ground out 5-3 (Groundball, 56D, EV 88.8 MPH)
|
| Bottom of the 5th over - 1 run, 1 hit, 0 errors, 0 left on base; Atlanta (MID) 3 - Great Lakes 5 |
| TOP OF THE 6TH |
|
Atlanta (MID) Braves batting - Pitching for Great Lakes Loons : RHP Steve Pierson
|
|
Batting: LHB Andres Aldape
|
0-0: Ball 1-0: Ball 2-0: Ball 3-0: Base on Balls
|
|
Batting: RHB Alex Campos
|
0-0: Foul Ball, location: 2F 0-1: Foul Ball, location: 2F 0-2: Ball 1-2: Strikes out swinging
|
|
Pinch Hitting: RHB Nick Holsinger
|
0-0: Ball Andres Aldape is caught stealing 2nd base 2-4 1-0: Ball 2-0: SINGLE (Groundball, 56D, EV 89.4 MPH) (infield hit)
|
|
Batting: LHB Eric Jackson
|
0-0: Ball 1-0: Called Strike 1-1: Called Strike 1-2: Foul Ball, location: 2F 1-2: Strikes out swinging
|
| Top of the 6th over - 0 runs, 1 hit, 0 errors, 1 left on base; Atlanta (MID) 3 - Great Lakes 5 |
| BOTTOM OF THE 6TH |
|
Great Lakes Loons batting - Pitching for Atlanta (MID) Braves : RHP Andrew Hodges
|
|
Now at 2B: Nick Holsinger
|
|
|
Batting: SHB Danny Jensen
|
0-0: Swinging Strike 0-1: Swinging Strike 0-2: Strikes out swinging
|
|
Batting: LHB Ramon Vega
|
0-0: Ball 1-0: Ball 2-0: SINGLE (Groundball, 5S, EV 72.5 MPH) (infield hit)
|
|
Batting: RHB Ingidayehu Lagat
|
0-0: Called Strike Ramon Vega is caught stealing 2nd base 2-4 0-1: Ball 1-1: Foul Ball, location: 2F 1-2: Ball 2-2: Foul Ball, location: 2F 2-2: Ball 3-2: Ground out 6-3 (Groundball, P, EV 94.4 MPH)
|
| Bottom of the 6th over - 0 runs, 1 hit, 0 errors, 0 left on base; Atlanta (MID) 3 - Great Lakes 5 |
| TOP OF THE 7TH |
|
Atlanta (MID) Braves batting - Pitching for Great Lakes Loons : RHP Steve Pierson
|
|
Pitching: RHP Chris Close
|
|
|
Now at 1B: Alex Melgoza
|
|
|
Now in CF: Ramon Vega
|
|
|
Now in RF: Hank Arias
|
|
|
Batting: RHB Chris Trites
|
0-0: Ball 1-0: Ball 2-0: Foul Ball, location: 2F 2-1: Foul Ball, location: 2F 2-2: Ball 3-2: Foul Ball, location: 2F 3-2: Base on Balls
|
|
Batting: SHB Brett McEwen
|
0-0: Ball 1-0: Ball 2-0: Ball 3-0: Base on Balls Chris Trites to second
|
|
Pitching: LHP John Miller
|
|
|
Batting: LHB Tamaichi Sasada
|
0-0: Foul Ball, location: 2F 0-1: Foul Ball, location: 2F 0-2: Ball 1-2: Strikes out swinging
|
|
Batting: LHB Ricardo Sandoval
|
0-0: Ball 1-0: Ball 2-0: Foul Ball, location: 2F 2-1: Ball 3-1: Called Strike 3-2: Grounds into double play, 4-6-3 (Groundball, 4S, EV 85.6 MPH)
|
| Top of the 7th over - 0 runs, 0 hits, 0 errors, 1 left on base; Atlanta (MID) 3 - Great Lakes 5 |
| BOTTOM OF THE 7TH |
|
Great Lakes Loons batting - Pitching for Atlanta (MID) Braves : RHP Andrew Hodges
|
|
Batting: RHB Pablo Lopez
|
0-0: Ball 1-0: Called Strike 1-1: Called Strike 1-2: Strikes out swinging
|
|
Batting: SHB Josh Vaill
|
0-0: Ball 1-0: Ball 2-0: Ball 3-0: Called Strike 3-1: Base on Balls
|
|
Batting: SHB Hank Arias
|
0-0: Ball Josh Vaill is caught stealing 2nd base 2-6 1-0: Foul Ball, location: 2F 1-1: Fly out, F8 (Flyball, 8RM, EV 92.5 MPH)
|
| Bottom of the 7th over - 0 runs, 0 hits, 0 errors, 0 left on base; Atlanta (MID) 3 - Great Lakes 5 |
| TOP OF THE 8TH |
|
Atlanta (MID) Braves batting - Pitching for Great Lakes Loons : LHP John Miller
|
|
Batting: RHB Costantino Dolfini
|
0-0: Ball 1-0: Called Strike 1-1: Foul Ball, location: 2F 1-2: Strikes out swinging
|
|
Batting: LHB Andres Aldape
|
0-0: Ball 1-0: Swinging Strike 1-1: Swinging Strike 1-2: Strikes out swinging
|
|
Batting: RHB Alex Campos
|
0-0: Ball 1-0: Swinging Strike 1-1: Ground out U3 (Groundball, 3S, EV 88.8 MPH)
|
| Top of the 8th over - 0 runs, 0 hits, 0 errors, 0 left on base; Atlanta (MID) 3 - Great Lakes 5 |
| BOTTOM OF THE 8TH |
|
Great Lakes Loons batting - Pitching for Atlanta (MID) Braves : RHP Andrew Hodges
|
|
Pitching: RHP Jessie Mattei
|
|
|
Batting: RHB Eddie Perry
|
0-0: Ball 1-0: Ground out 5-3 (Groundball, 56, EV 93.1 MPH)
|
|
Batting: LHB Josh Moore
|
0-0: Ball 1-0: Ball 2-0: Foul Ball, location: 2F 2-1: Ball 3-1: Called Strike 3-2: Base on Balls
|
|
Batting: RHB Alex Melgoza
|
0-0: Fielders Choice at 2nd, 6-4 (Groundball, 6MS, EV 93.8 MPH)
|
|
Batting: SHB Danny Jensen
|
0-0: Called Strike 0-1: SINGLE (Groundball, 25, EV 71.2 MPH) (infield hit) Alex Melgoza to second
|
|
Batting: LHB Ramon Vega
|
0-0: Foul Ball, location: 2F 0-1: Foul Ball, location: 2F 0-2: Ball 1-2: Strikes out swinging
|
| Bottom of the 8th over - 0 runs, 1 hit, 0 errors, 2 left on base; Atlanta (MID) 3 - Great Lakes 5 |
| TOP OF THE 9TH |
|
Atlanta (MID) Braves batting - Pitching for Great Lakes Loons : LHP John Miller
|
|
Pitching: RHP Adonis Loyd
|
|
|
Batting: RHB Nick Holsinger
|
0-0: Called Strike 0-1: SOLO HOME RUN (Flyball, 7LD, EV 98.1 MPH), Distance : 370 ft
|
|
Batting: LHB Eric Jackson
|
0-0: Foul Ball, location: 2F 0-1: Swinging Strike 0-2: Ball 1-2: Ball 2-2: Ball 3-2: Strikes out looking
|
|
Batting: RHB Chris Trites
|
0-0: Ball 1-0: Ball 2-0: Ball 3-0: Swinging Strike 3-1: Called Strike 3-2: Strikes out swinging
|
|
Batting: SHB Brett McEwen
|
0-0: Called Strike 0-1: Ball 1-1: Foul Ball, location: 2F 1-2: Foul Ball, location: 2F 1-2: Ground out 1-3 (Groundball, 13, EV 73.8 MPH)
|
| Top of the 9th over - 1 run, 1 hit, 0 errors, 0 left on base; Atlanta (MID) 4 - Great Lakes 5 |
|